 Dungeon Crawl Stone Soup version 0.31-a0-261-g072fdb8a1f (webtiles) character file.

Game seed: 556076622107090084

56 gruber the Ruffian (level 3, -4/27 HPs)
             Began as a Demonspawn Shapeshifter on July 13, 2023.
             Slain by Natasha (6 damage)
             ... on level 2 of the Dungeon.
             The game lasted 00:00:49 (1044 turns).

gruber the Ruffian (Demonspawn Shapeshifter)        Turns: 1044, Time: 00:00:50

Health: -4/27      AC:  2    Str: 17    XL:     3   Next: 71%
Magic:  3/3        EV: 12    Int:  9    God:
Gold:   110        SH:  0    Dex: 13    Spells: 2/2 levels left

rFire   . .          .
                       - Unarmed
rCold   . . .        (no shield)
rNeg    . . .        a - +0 animal skin
rPois   .            (helmet currently unavailable)
rElec   .            (cloak currently unavailable)
rCorr   .            (gloves currently unavailable)
SInv    .            (boots currently unavailable)
Will    .....        (no amulet)
Stlth   +            (no ring)
HPRegen 0.24/turn    (no ring)
MPRegen 0.08/turn

%: no passive effects
@: beast-form
A: beast (slay +1), spiny 1, weakness stinger 1
a: Begin Untransformation


You were on level 2 of the Dungeon.
You were a hulking beast.
You visited 1 branch of the dungeon, and saw 2 of its levels.

You collected 110 gold pieces.

Inventory:

Armour
 a - a +0 animal skin (worn)
Talismans
 c - a beast talisman
 i - a storm talisman
Scrolls
 e - 3 scrolls of identify {unknown}
 f - a scroll of enchant armour {unknown}
 h - a scroll of enchant weapon {unknown}
Potions
 b - a potion of lignification
 d - a potion of ambrosia {unknown}
 g - a potion of enlightenment {unknown}
 j - 2 potions of magic {unknown}


   Skills:
 - Level 2.0 Fighting
 - Level 1.7 Dodging
 + Level 3.7 Unarmed Combat
 - Level 2.6 Shapeshifting


You had 2 spell levels left.
You didn't know any spells.
Your spell library was empty.

Dungeon Overview and Level Annotations

Branches:
Dungeon (2/15)

Altars:

Shops:
D:1 [

Annotations:
D:2 Natasha


Innate Abilities, Weirdness & Mutations

You are a hulking beast.
Your limbs bulge with bestial killing power. (Slay +1)
You are partially covered in sharp spines.
You have a small tail.


Message History

The magic dart hits you.
There are monsters nearby!
You hit the goblin.
You kill the goblin!
Natasha casts a spell at you. The magic dart hits you!
The bat closely misses you.
There are monsters nearby!
You are too injured to fight recklessly!
You are too injured to fight recklessly!
Unknown command.
Unknown command.
You are too injured to fight recklessly!
You are too injured to fight recklessly!
You are too injured to fight recklessly!
Unknown command.
The bat closely misses you.
Natasha casts a spell.
You see here a rat corpse.
Natasha casts a spell.
You hit the bat.
You kill the bat!
You barely miss the quokka. The quokka is struck by your spines.
The quokka barely misses you.
You hit the quokka.
You kill the quokka!
The cerulean imp hits you with a +1 spear.
* * * LOW HITPOINT WARNING * * *
The cerulean imp barely misses you.
You see here a rat corpse.
You closely miss Natasha.
Natasha stares at you and mumbles some strange words.
The magic dart hits you!
* * * LOW HITPOINT WARNING * * *
The cerulean imp barely misses you. The cerulean imp closely misses you.
Unknown command.
Unknown command.
You miss Natasha. You tail-slap Natasha!
Natasha is heavily wounded.
Natasha claws you.
You die...

..... #.##.. ##....
#.##.. ~#..... ##.##..
≈...... #..##.. #.....
#.##### ##....## #.# ###
#.....5# #.###..
#....)h###########.##...
.......5h..............#.
..######........(....#...
#..........#...††.
#..........####...
#.....###### #... #######
#... #... #... ####


You could see Natasha and 2 cerulean imps.

Vanquished Creatures
  3 adders (D:2)
  A dart slug (D:1)
  2 ball pythons
  2 bats
  3 endoplasms
  A giant cockroach (D:1)
  3 goblins
  2 hobgoblins
  3 quokkas
  3 frilled lizards
  A kobold (D:1)
  2 rats
26 creatures vanquished.

Notes
Turn   | Place    | Note
-------+----------+-------------------------------------------
     0 | D:1      | gruber the Demonspawn Shapeshifter began the quest for the
                  | Orb.
     0 | D:1      | Reached XP level 1. HP: 16/16 MP: 1/1
    48 | D:1      | Reached skill level 2 in Unarmed Combat
   135 | D:1      | Found Fijielo's Armour Emporium.
   187 | D:1      | Gained mutation: You have a small tail. [demonic ancestry]
   187 | D:1      | Reached XP level 2. HP: 16/22 MP: 2/2
   676 | D:2      | Reached skill level 3 in Unarmed Combat
   777 | D:2      | Gained mutation: You are partially covered in sharp spines.
                  | [demonic ancestry]
   777 | D:2      | Reached XP level 3. HP: 15/27 MP: 3/3
  1033 | D:2      | Noticed Natasha
  1044 | D:2      | Slain by Natasha

Illustrated notes

Levels and vault maps discovered:
D:1:      lightli_iron_boxes, layout_basic, serial_shops, shop
D:2:      wad_lake_hut, layout_basic, basic_altar, uniq_natasha,
          uniq_crazy_yiuf_cottage

Skill      XL: |  1  2 |
---------------+-------+-----
Unarmed Combat | 2 3 |  3.7
Fighting       | |  2.0
Dodging        | |  1.7
Shapeshifting  | |  2.6

Action                     || total
---------------------------++-------
  Melee: Unarmed           ||    70
         Punch             ||     1
         Tailslap          ||     8
 Armour: Animal skin       ||    13
  Dodge: Dodged            ||    39

Table legend: (Time is in decaauts)
 A = Elapsed time spent in this place.
 B = Non-inter-level travel time spent in this place.
 C = Inter-level travel time spent in this place.
 D = Time resting spent in this place.
 E = Time spent auto-exploring this place.
 F = Levels seen in this place.
 G = Mean time per level.
                   A        B        C        D        E       F      G
               +--------+--------+--------+--------+--------+-----+--------+
         Total |   1039 |    993 |     46 |      0 |    817 |   2 |  519.5 |
       Dungeon |   1039 |    993 |     46 |      0 |    817 |   2 |  519.5 |
               +--------+--------+--------+--------+--------+-----+--------+

Top non-repeatable levels by time:
     D:1: 653 daAuts
     D:2: 386 daAuts
